SL
BOSTON PATRIOTS @ LONE STAR BC
06/13/2017
 
TOP OF THE 1ST
Norfolk Cruisers batting - Pitching for SC Storm : RHP Héctor Amaya
Pitching: RHP Héctor Amaya
Batting: RHB Terry Sylvester 0-0: Called Strike
0-1: Foul Ball, location: 2F
0-2: Ball
1-2: Ball
2-2: Fly out, F8 (Flyball, 8RM)
Batting: RHB Bill Childers 0-0: Ball
1-0: Called Strike
1-1: Ball
2-1: Swinging Strike
2-2: Foul Ball, location: 2F
2-2: Ground out 5-3 (Groundball, 56)
Batting: RHB Colby Turner 0-0: Ball
1-0: Fly out, F9 (Flyball, 9D)
Top of the 1st over - 0 run(s), 0 hit(s), 0 error(s), 0 left on base; Norfolk 0 - SC 0
BOTTOM OF THE 1ST
SC Storm batting - Pitching for Norfolk Cruisers : RHP Rich Hunter
Pitching: RHP Rich Hunter
Batting: LHB Vern Forrest 0-0: Ball
1-0: Called Strike
1-1: Foul Ball, location: 2F
1-2: Strikes out swinging
Batting: RHB Bob Myers 0-0: Ball
1-0: Ball
2-0: Ball
3-0: Called Strike
3-1: Base on Balls
Batting: LHB Aukukero Mincarlie 0-0: Called Strike
0-1: Ball
1-1: SINGLE (Groundball, 34D)
Bob Myers to second
Throwing error, E9
Bob Myers scores
Aukukero Mincarlie to second
Batting: RHB Kyle Myers 0-0: Ball
1-0: Called Strike
1-1: Ball
2-1: Foul Ball, location: 2F
2-2: Ball
3-2: Ground out 6-3 (Groundball, 6)
Batting: RHB Billy Farley 0-0: Called Strike
0-1: Foul Ball, location: 2F
0-2: Strikes out swinging
Bottom of the 1st over - 1 run(s), 1 hit(s), 1 error(s), 1 left on base; Norfolk 0 - SC 1
TOP OF THE 2ND
Norfolk Cruisers batting - Pitching for SC Storm : RHP Héctor Amaya
Batting: RHB San-gui Liang 0-0: Ball
1-0: Called Strike
1-1: SINGLE (Line Drive, 6MD)
Batting: RHB Carlos Montoya 0-0: Ball
1-0: Foul Ball, location: 2F
1-1: Foul Ball, location: 2F
1-2: Strikes out looking
Batting: RHB Carlos Rodríguez 0-0: Ball
San-gui Liang is caught stealing 2nd base
1-0: Called Strike
1-1: Swinging Strike
1-2: SINGLE (Groundball, 56D)
Batting: LHB Alfonso López 0-0: Ball
1-0: Ball
2-0: Ball
3-0: Called Strike
3-1: Swinging Strike
3-2: Base on Balls
Carlos Rodríguez to second
Batting: RHB Kyle Dempsey 0-0: Fly out, F8 (Flyball, 8RM)
Top of the 2nd over - 0 run(s), 2 hit(s), 0 error(s), 2 left on base; Norfolk 0 - SC 1
BOTTOM OF THE 2ND
SC Storm batting - Pitching for Norfolk Cruisers : RHP Rich Hunter
Batting: RHB Lane Rich 0-0: Ball
1-0: Bunt for hit - play at first, batter OUT! 5-3
Batting: RHB Ron Blanton 0-0: Called Strike
0-1: Foul Ball, location: 2F
0-2: Strikes out swinging
Batting: LHB Jonathan Brock 0-0: Called Strike
0-1: Ball
1-1: Called Strike
1-2: Ball
2-2: Ball
3-2: Base on Balls
Batting: RHB Héctor Amaya 0-0: Ball
1-0: Foul Ball, location: 2F
1-1: Ball
2-1: Fly out, F4 (Popup, 4S)
Bottom of the 2nd over - 0 run(s), 0 hit(s), 0 error(s), 1 left on base; Norfolk 0 - SC 1
TOP OF THE 3RD
Norfolk Cruisers batting - Pitching for SC Storm : RHP Héctor Amaya
Batting: RHB Rich Hunter 0-0: Ball
1-0: Called Strike
1-1: Foul Ball, location: 2F
1-2: Ball
2-2: SINGLE (Line Drive, 9LM)
Batting: RHB Terry Sylvester 0-0: Ball
1-0: Called Strike
1-1: Ball
2-1: Foul Ball, location: 2F
2-2: Foul Ball, location: 2F
2-2: Strikes out swinging
Batting: RHB Bill Childers 0-0: Ball
1-0: Called Strike
1-1: Foul Ball, location: 2F
1-2: Ball
2-2: Strikes out looking
Batting: RHB Colby Turner 0-0: Foul Ball, location: 2F
0-1: Foul Ball, location: 2F
0-2: Ball
1-2: Ball
2-2: TRIPLE (Flyball, 89XD)
Rich Hunter scores
Batting: RHB San-gui Liang 0-0: Ball
1-0: Swinging Strike
1-1: Ball
2-1: Ball
3-1: Foul Ball, location: 2F
3-2: Foul Ball, location: 2F
3-2: Base on Balls
Batting: RHB Carlos Montoya 0-0: Reached on error, E6 (Groundball, 6)
Colby Turner scores
San-gui Liang to second
Batting: RHB Carlos Rodríguez 0-0: Ball
1-0: SINGLE (Flyball, 8RS)
San-gui Liang to third
Carlos Montoya to second
Runner from 3rd tries for Home, SAFE, no throw or cutoff
Batting: LHB Alfonso López 0-0: Swinging Strike
0-1: Ball
1-1: Called Strike
1-2: Strikes out swinging
Top of the 3rd over - 3 run(s), 3 hit(s), 1 error(s), 2 left on base; Norfolk 3 - SC 1
BOTTOM OF THE 3RD
SC Storm batting - Pitching for Norfolk Cruisers : RHP Rich Hunter
Batting: LHB Vern Forrest 0-0: Called Strike
0-1: DOUBLE (Line Drive, 9LS)
Batting: RHB Bob Myers 0-0: Swinging Strike
0-1: Called Strike
0-2: Ball
1-2: Strikes out looking
Batting: LHB Aukukero Mincarlie 0-0: Called Strike
Vern Forrest steals 3rd base
0-1: Ground out 3-5 (Groundball, 3L)
Batting: RHB Kyle Myers 0-0: Swinging Strike
0-1: Fly out, F8 (Flyball, 8LD)
Bottom of the 3rd over - 0 run(s), 1 hit(s), 0 error(s), 1 left on base; Norfolk 3 - SC 1
TOP OF THE 4TH
Norfolk Cruisers batting - Pitching for SC Storm : RHP Héctor Amaya
Batting: RHB Kyle Dempsey 0-0: Ball
1-0: Called Strike
1-1: SINGLE (Line Drive, 89S)
Batting: RHB Rich Hunter 0-0: Ball
1-0: Bunted foul
1-1: Ball
2-1: Bunted foul
2-2: Bunted foul, Strikeout!
Batting: RHB Terry Sylvester 0-0: Ball
1-0: Ball
2-0: Called Strike
2-1: Foul Ball, location: 2F
2-2: Foul Ball, location: 2F
2-2: SINGLE (Groundball, 56D) (infield hit)
Kyle Dempsey to second
Batting: RHB Bill Childers 0-0: Ball
1-0: Called Strike
1-1: Swinging Strike
1-2: Ball
2-2: Strikes out swinging
Batting: RHB Colby Turner 0-0: Called Strike
0-1: SINGLE (Line Drive, 9LM)
Kyle Dempsey to third
Terry Sylvester to second
Runner from 3rd tries for Home, SAFE, no throw or cutoff
Batting: RHB San-gui Liang 0-0: Called Strike
0-1: Ball
1-1: Fielders Choice at 2nd, U4 (Groundball, 4M)
Top of the 4th over - 1 run(s), 3 hit(s), 0 error(s), 2 left on base; Norfolk 4 - SC 1
BOTTOM OF THE 4TH
SC Storm batting - Pitching for Norfolk Cruisers : RHP Rich Hunter
Batting: RHB Billy Farley 0-0: Swinging Strike
0-1: Called Strike
0-2: SOLO HOME RUN (Flyball, 89XD), Distance : 371 ft
Batting: RHB Lane Rich 0-0: Ball
1-0: Ball
2-0: Ball
3-0: Called Strike
3-1: Fly out, F9 (Flyball, 9M)
Batting: RHB Ron Blanton 0-0: Ball
1-0: Fly out, F7 (Flyball, 7D)
Batting: LHB Jonathan Brock 0-0: Ball
1-0: Called Strike
1-1: Foul Ball, location: 2F
1-2: Ball
2-2: SINGLE (Groundball, 13) (infield hit)
Batting: RHB Héctor Amaya 0-0: SINGLE (Line Drive, 78S)
Jonathan Brock to second
Batting: LHB Vern Forrest 0-0: Called Strike
0-1: Ball
1-1: Ball
2-1: Called Strike
2-2: SINGLE (Line Drive, 4MD)
Jonathan Brock to third
Héctor Amaya to second
Runner from 3rd tries for Home, SAFE, no throw or cutoff
Batting: RHB Bob Myers 0-0: Ball
1-0: Fielders Choice at 2nd, 6-4 (Groundball, 6)
Bottom of the 4th over - 2 run(s), 4 hit(s), 0 error(s), 1 left on base; Norfolk 4 - SC 3
TOP OF THE 5TH
Norfolk Cruisers batting - Pitching for SC Storm : RHP Héctor Amaya
Batting: RHB Carlos Montoya 0-0: Called Strike
0-1: Foul Ball, location: 2F
0-2: Ball
1-2: Foul Ball, location: 2F
1-2: Strikes out looking
Batting: RHB Carlos Rodríguez 0-0: Ball
1-0: Ball
2-0: Ground out 1-3 (Groundball, 15S)
Batting: LHB Alfonso López 0-0: Ball
1-0: SINGLE (Line Drive, 8RS)
Pitching: LHP Alexis Weaver
Batting: RHB Kyle Dempsey 0-0: Called Strike
0-1: Foul Ball, location: 2F
0-2: Foul Ball, location: 2F
0-2: Ground out 6-3 (Groundball, 6)
Top of the 5th over - 0 run(s), 1 hit(s), 0 error(s), 1 left on base; Norfolk 4 - SC 3
BOTTOM OF THE 5TH
SC Storm batting - Pitching for Norfolk Cruisers : RHP Rich Hunter
Batting: LHB Aukukero Mincarlie 0-0: Ball
1-0: Foul Ball, location: 2F
1-1: Fly out, F8 (Flyball, 89D)
Batting: RHB Kyle Myers 0-0: Called Strike
0-1: Called Strike
0-2: Ball
1-2: Strikes out looking
Batting: RHB Billy Farley 0-0: Foul Ball, location: 2F
0-1: Foul Ball, location: 2F
0-2: Foul Ball, location: 2F
0-2: Ground out 3-1 (Groundball, 34)
Bottom of the 5th over - 0 run(s), 0 hit(s), 0 error(s), 0 left on base; Norfolk 4 - SC 3
TOP OF THE 6TH
Norfolk Cruisers batting - Pitching for SC Storm : LHP Alexis Weaver
Batting: RHB Rich Hunter 0-0: Called Strike
0-1: Foul Ball, location: 2F
0-2: Ground out 5-3 (Groundball, 56)
Batting: RHB Terry Sylvester 0-0: Called Strike
0-1: Swinging Strike
0-2: Strikes out looking
Batting: RHB Bill Childers 0-0: Called Strike
0-1: Foul Ball, location: 2F
0-2: Ball
1-2: Foul Ball, location: 2F
1-2: Foul Ball, location: 2F
1-2: Ball
2-2: Foul Ball, location: 2F
2-2: Strikes out looking
Top of the 6th over - 0 run(s), 0 hit(s), 0 error(s), 0 left on base; Norfolk 4 - SC 3
BOTTOM OF THE 6TH
SC Storm batting - Pitching for Norfolk Cruisers : RHP Rich Hunter
Batting: RHB Lane Rich 0-0: Called Strike
0-1: Foul Ball, location: 2F
0-2: Foul Ball, location: 2F
0-2: Ball
1-2: Strikes out swinging
Batting: RHB Ron Blanton 0-0: Ground out 1-3 (Groundball, 23)
Batting: LHB Jonathan Brock 0-0: Called Strike
0-1: SINGLE (Groundball, 4M)
Pinch Hitting: RHB Jorge Rocha 0-0: Called Strike
0-1: Ball
1-1: Swinging Strike
1-2: Fly out, F8 (Flyball, 78XD)
Bottom of the 6th over - 0 run(s), 1 hit(s), 0 error(s), 1 left on base; Norfolk 4 - SC 3
TOP OF THE 7TH
Norfolk Cruisers batting - Pitching for SC Storm : LHP Alexis Weaver
Pitching: RHP José Sánchez
Batting: RHB Colby Turner 0-0: Ball
1-0: Foul Ball, location: 2F
1-1: Hit by Pitch
Batting: RHB San-gui Liang 0-0: Ball
1-0: Called Strike
1-1: Ball
2-1: Fly out, F9 (Flyball, 89XD)
Runner from 1st tags up, SAFE at 2nd
Pinch Hitting: SHB Omar Gutiérrez 0-0: Ball
1-0: Ball
Colby Turner steals 3rd base
2-0: Called Strike
2-1: Foul Ball, location: 2F
2-2: Ball
3-2: Strikes out swinging
Batting: RHB Carlos Rodríguez 0-0: Swinging Strike
0-1: Foul Ball, location: 2F
0-2: Strikes out swinging
Top of the 7th over - 0 run(s), 0 hit(s), 0 error(s), 1 left on base; Norfolk 4 - SC 3
BOTTOM OF THE 7TH
SC Storm batting - Pitching for Norfolk Cruisers : RHP Rich Hunter
Now at 3B: Cipriano Oliveira
Batting: LHB Vern Forrest 0-0: Ball
1-0: Ball
2-0: Called Strike
2-1: Ball
3-1: Foul Ball, location: 2F
3-2: Base on Balls
Pitching: RHP Cam Davidson
Now at 1B: Floyd Mitchell
Batting: RHB Bob Myers 0-0: Ball
Vern Forrest is caught stealing 2nd base
1-0: Ground out 1-3 (Groundball, 15)
Batting: LHB Aukukero Mincarlie 0-0: Called Strike
0-1: Foul Ball, location: 2F
0-2: Ball
1-2: Ground out 4-3 (Groundball, 4)
Bottom of the 7th over - 0 run(s), 0 hit(s), 0 error(s), 0 left on base; Norfolk 4 - SC 3
TOP OF THE 8TH
Norfolk Cruisers batting - Pitching for SC Storm : RHP José Sánchez
Batting: LHB Alfonso López 0-0: Called Strike
0-1: Hit by Pitch
Pinch Hitting: RHB David Gómez 0-0: Called Strike
0-1: Foul Ball, location: 2F
0-2: Ball
1-2: Fielders Choice at 2nd, 1-4 (Groundball, 15S)
Pinch Hitting: SHB Stephen Baldwin 0-0: Ball
1-0: Swinging Strike
1-1: Ball
2-1: Called Strike
David Gómez steals 2nd base
2-2: Ball
3-2: Fly out, F7 (Flyball, 7M)
Batting: RHB Terry Sylvester 0-0: Called Strike
0-1: SINGLE (Flyball, 78S)
David Gómez to third
Pinch Hitting: RHB Félix Flores 0-0: Called Strike
0-1: Fly out, F7 (Flyball, 78XD)
Top of the 8th over - 0 run(s), 1 hit(s), 0 error(s), 2 left on base; Norfolk 4 - SC 3
BOTTOM OF THE 8TH
SC Storm batting - Pitching for Norfolk Cruisers : RHP Cam Davidson
Pitching: RHP Carlos Rúbio
Now at 2B: Stephen Baldwin
Now at 3B: Matt Sheppard
Batting: RHB Kyle Myers 0-0: Foul Ball, location: 2F
0-1: Swinging Strike
0-2: Ground out 6-3 (Groundball, 6M)
Batting: RHB Billy Farley 0-0: Ball
1-0: Ball
2-0: Called Strike
2-1: Foul Ball, location: 2F
2-2: Fly out, F7 (Flyball, 7S)
Batting: RHB Lane Rich 0-0: Foul Ball, location: 2F
0-1: Foul Ball, location: 2F
0-2: DOUBLE (Flyball, 9LS)
Batting: RHB Ron Blanton 0-0: Ball
1-0: Foul Ball, location: 2F
1-1: Ball
2-1: Fly out, F6 (Line Drive, 6M)
Bottom of the 8th over - 0 run(s), 1 hit(s), 0 error(s), 1 left on base; Norfolk 4 - SC 3
TOP OF THE 9TH
Norfolk Cruisers batting - Pitching for SC Storm : RHP José Sánchez
Pitching: RHP Richie Allen
Now at C: Adrian Draper
Batting: RHB Colby Turner 0-0: Ball
1-0: Foul Ball, location: 2F
1-1: Foul Ball, location: 2F
1-2: Strikes out swinging
Batting: RHB San-gui Liang 0-0: Ball
1-0: SOLO HOME RUN (Flyball, 9D), Distance : 360 ft
Batting: RHB Cipriano Oliveira 0-0: Ball
1-0: Called Strike
1-1: Foul Ball, location: 2F
1-2: SINGLE (Flyball, 78S)
Batting: RHB Carlos Rodríguez 0-0: Foul Ball, location: 2F
0-1: Ball
1-1: SINGLE (Groundball, 23) (infield hit)
Cipriano Oliveira to second
Batting: LHB Alfonso López 0-0: Ball
1-0: Ball
2-0: Foul Ball, location: 2F
2-1: Fielders Choice at 2nd, 4-6 (Groundball, 4)
Cipriano Oliveira to third
Batting: RHB Matt Sheppard 0-0: Called Strike
0-1: Ball
1-1: Fly out, F9 (Flyball, 9LM)
Top of the 9th over - 1 run(s), 3 hit(s), 0 error(s), 2 left on base; Norfolk 5 - SC 3
BOTTOM OF THE 9TH
SC Storm batting - Pitching for Norfolk Cruisers : RHP Carlos Rúbio
Pitching: RHP Brian Bradley
Now at SS: José Mata
Batting: LHB Jonathan Brock 0-0: Called Strike
0-1: Called Strike
0-2: Strikes out swinging
Batting: RHB Adrian Draper 0-0: Called Strike
0-1: Ball
1-1: Ball
2-1: Foul Ball, location: 2F
2-2: Ground out 6-3 (Groundball, 6)
Batting: LHB Vern Forrest 0-0: Called Strike
0-1: Ball
1-1: Ball
2-1: Swinging Strike
2-2: Ball
3-2: Foul Ball, location: 2F
3-2: Strikes out swinging
Bottom of the 9th over - 0 run(s), 0 hit(s), 0 error(s), 0 left on base; Norfolk 5 - SC 3
This league is powered by Out of the Park Baseball, the baseball management simulation game for PC, Mac and Linux
Saturday, February 27th, 2021 - OOTP Baseball 15.6 Build 34